 Dungeon Crawl Stone Soup version 0.20.1-1-g8b1a95d (webtiles) character file.

406 Linguinho the Ruffian (level 6, 0/57 HPs)
             Began as a Troll Hunter on Nov 13, 2017.
             Splashed by a jelly's acid (3 damage)
             ... on level 4 of the Dungeon.
             The game lasted 00:04:09 (2086 turns).

Linguinho the Ruffian (Troll Hunter)                Turns: 2086, Time: 00:04:10

Health: 0/57       AC: -15   Str: 23    XL:     6   Next: 56%
Magic:  5/5        EV: 10    Int:  7    God:
Gold:   147        SH:  0    Dex: 10    Spells: 5/5 levels left

rFire    . . .     SeeInvis .     - Unarmed
rCold    . . .     Gourm    +   (no shield)
rNeg     . . .     Faith    .   b - +0 robe
rPois    .         Spirit   .   (helmet restricted)
rElec    .         Reflect  .   (no cloak)
rCorr    .         Harm     .   (gloves unavailable)
MR       .....                  (boots unavailable)
Stlth    +.........             (no amulet)
Regen    0.6/turn               (no ring)
MPRegen  0.1/turn               (no ring)

@: corroded, drained
A: unfitting armour, claws 3, fast metabolism 3, gourmand, regeneration 1,
shaggy fur 1, tough skin 2
a: no special abilities


You were on level 4 of the Dungeon.
You were very full.

You visited 1 branch of the dungeon, and saw 4 of its levels.

You collected 147 gold pieces.

Inventory:

Missiles
 c - 5 large rocks (quivered)
 d - 2 throwing nets
Armour
 b - a +0 robe (worn)
Jewellery
 m - an uncursed ring of stealth {unknown}
 v - an uncursed ring of positive energy {unknown}
Wands
 p - a wand of random effects (19/48)
 s - a wand of confusion (29/48)
 y - a wand of flame (35/48)
Scrolls
 e - 2 scrolls of immolation {unknown}
 g - a scroll of remove curse {unknown}
 h - 7 scrolls of identify {unknown}
 l - a scroll of magic mapping {unknown}
 o - a scroll of teleportation {unknown}
 q - 2 scrolls of blinking {unknown}
 r - a scroll of fog {unknown}
 t - a scroll of fear {unknown}
 u - a scroll of amnesia {unknown}
Potions
 a - a potion of curing {unknown}
 k - 2 potions of agility {unknown}
 n - 3 potions of berserk rage {unknown}
 x - 2 potions of degeneration {unknown}
Comestibles
 f - 7 bread rations
 j - 8 fruits
 w - a meat ration


   Skills:
 + Level 2.0(1.9) Fighting
 * Level 4.6(4.5) Throwing
 + Level 2.7(2.5) Dodging
 + Level 0.6(0.4) Stealth
 * Level 4.7(4.6) Unarmed Combat


You had 5 spell levels left.
You didn't know any spells.

Dungeon Overview and Level Annotations

Branches:
Dungeon (4/15)
 Temple: D:4-7

Altars:
Makhleb
Xom
Yredelemnul
The Shining One

Annotations:
D:3 Grinder


Innate Abilities, Weirdness & Mutations

You are too large for most types of armour.
You have claws for hands.
Your metabolism is lightning-fast.
You like to eat raw meat.
Your natural rate of healing is unusually fast.
You are covered in fur. (AC +1)
You have very tough skin. (AC +2)


Message History

The ooze misses you.
You claw the ooze!
You kill the ooze!
The jelly jiggles.
You barely miss the jelly.
The jelly is moderately wounded.
The jelly completely misses you.
You scratch the jelly.
Your claws burn!
* * * LOW HITPOINT WARNING * * *
The jelly is severely wounded.
The jelly hits you.
* * * LOW HITPOINT WARNING * * *
You are splashed with acid!
The acid burns!
* * * LOW HITPOINT WARNING * * *
You scratch the jelly but do no damage. The acid corrodes you!
Your claws burn!
* * * LOW HITPOINT WARNING * * *
The jelly is severely wounded.
The jelly barely misses you.
You scratch the jelly. The acid corrodes you!
Your claws burn!
You die...

#.## ########### #. #..#
#(.÷.÷...÷# ##
##.###...P.P...##### ###
##..##...P...P.##..####..
##...##....JP...##........
##....##...JJ....##......##
##.....##÷P.JJP...##<......#
#......#########'###.......#
##......###.@J...## #........
##.......##(######## #.......#
#........###..'....# #.......#
#........######....###......##
##.........##..)....##.......#
##..........##.......##......##
##..###......##.......##......#
..### ####...##.......##.....##
### ###.###.....###....##


You could see a jelly.

Vanquished Creatures
  An orc warrior (D:4)
  An orc priest (D:4)
  A jelly (D:4)
  An orc wizard (D:4)
  An iguana (D:4)
  2 worker ants (D:4)
  3 adders
  7 oozes (D:4)
  A worm (D:2)
  4 dart slugs
  A leopard gecko (D:1)
  12 orcs (D:4)
  A ball python (D:1)
  6 giant cockroaches
  4 goblins
  4 hobgoblins
  3 jackals (D:1)
  5 quokkas
  5 bats
  3 frilled lizards
  14 kobolds
  4 rats
  A spectral orc (D:4)
85 creatures vanquished.

Vanquished Creatures (others)
  3 fungi (D:4)
  9 toadstools (D:4)
12 creatures vanquished.

Grand Total: 97 creatures vanquished

Notes
Turn   | Place    | Note
-------+----------+-------------------------------------------
     0 | D:1      | Linguinho the Troll Hunter began the quest for the Orb.
     0 | D:1      | Reached XP level 1. HP: 19/19 MP: 0/0
   101 | D:1      | Reached XP level 2. HP: 27/27 MP: 1/1
   352 | D:1      | Reached skill level 1 in Unarmed Combat
   356 | D:1      | Reached XP level 3. HP: 33/33 MP: 2/2
   702 | D:2      | Reached XP level 4. HP: 41/41 MP: 3/3
   715 | D:2      | Found a glowing golden altar of the Shining One.
   760 | D:2      | Found a burning altar of Makhleb.
   785 | D:2      | Found a shimmering altar of Xom.
  1109 | D:3      | Noticed Grinder
  1111 | D:3      | Paralysed by Grinder for 7 turns
  1137 | D:3      | You fall through a shaft!
  1245 | D:4      | Found a basalt altar of Yredelemnul.
  1416 | D:4      | Noticed an orc warrior
  1419 | D:4      | Killed an orc warrior
  1419 | D:4      | Reached XP level 5. HP: 49/49 MP: 4/4
  1597 | D:4      | Reached XP level 6. HP: 51/57 MP: 5/5
  2085 | D:4      | HP: 2/57 [acid (1)]
  2086 | D:4      | Splashed by a jelly's acid

Skill      XL: |  1  2  3  4  5  6 |
---------------+-------------------+-----
Throwing       | 4 |  4.6
Unarmed Combat | 1 2 3 4 |  4.7
Dodging        | 2 |  2.7
Fighting       | 2 |  2.0
Stealth        | |  0.6

Action                   |  1- 3 |  4- 6 || total
-------------------------+-------+-------++-------
Melee: Unarmed           |   129 |   150 ||   279
       Punch             |       |     1 ||     1
Throw: Large rock        |       |     5 ||     5
  Eat: Chunk             |    12 |    12 ||    24
Armor: Robe              |    63 |    43 ||   106
Dodge: Dodged            |    67 |    66 ||   133
